 Dungeon Crawl Stone Soup version 0.29.1-15-g9cfb28693d (webtiles) character file.

Game seed: 11711822651026829135

60062 devnull the Impaler (level 14, 0/113 HPs)
             Began as a Merfolk Gladiator on Mar 24, 2023.
             Was a High Priest of Makhleb.
             Killed by divine providence
             ... invoked by an orc priest
              (11 damage)
             ... on level 2 of the Orcish Mines on Mar 25, 2023.
             The game lasted 01:13:12 (24746 turns).

devnull the Impaler (Merfolk Gladiator)            Turns: 24746, Time: 01:13:12

Health: 0/113      AC: 23    Str: 19    XL:     14   Next: 97%
Magic:  24/24      EV: 36    Int:  7    God:    Makhleb [*****.]
Gold:   890        SH:  9    Dex: 16    Spells: 11/13 levels left

rFire   . . .      SeeInvis +   a - +5 trident of Sharkskin {protect, Will+}
rCold   . . .      Faith    .   o - +3 warlock's mirror {reflect}
rNeg    . . .      Spirit   .   R - +3 scale mail {rPois}
rPois   +          Reflect  +   h - +2 hat
rElec   .          Harm     .   H - +0 cloak
rCorr   .          Rampage  .   t - +2 pair of gloves
Will    ++...                   P - +0 pair of boots
Stlth   ..........              E - amulet of the acrobat
HPRegen 0.28/turn               w - ring of see invisible
MPRegen 0.19/turn               D - +4 ring of evasion

@: under a protective aura, acrobatic
A: (nimble swimmer 2), mertail
a: Renounce Religion, Minor Destruction, Lesser Servant of Makhleb, Major
Destruction, Greater Servant of Makhleb


You were on level 2 of the Orcish Mines.
You worshipped Makhleb.
Makhleb was extremely pleased with you.
You visited 4 branches of the dungeon, and saw 20 of its levels.

You collected 1650 gold pieces.
You spent 760 gold pieces at shops.

Inventory:

Hand Weapons
 a - the +5 trident of Sharkskin (weapon) {protect, Will+}
   (You found it on level 12 of the Dungeon)

   It grants its wielder temporary protection when it strikes (+7 to AC).
   Will:      It increases your willpower.
 b - a +3 vampiric spear
 W - a +2 scimitar of holy wrath
Missiles
 d - 2 throwing nets
 u - 20 poisoned darts (quivered)
 I - 7 atropa-tipped darts
 N - 14 boomerangs of dispersal
 U - a curare-tipped dart
Armour
 h - a +2 hat (worn)
 o - the +3 warlock's mirror (worn) {reflect}
   (You acquired it on level 1 of the Lair of Beasts)

   It can block and reflect piercing ranged attacks and magical attacks against
   the wielder's willpower.
 t - a +2 pair of gloves (worn)
 H - a +0 cloak (worn)
 P - a +0 pair of boots (worn)
 R - a +3 scale mail of poison resistance (worn)
 Z - a scarf of resistance
Jewellery
 w - a ring of see invisible (left hand)
 z - an amulet of reflection
 D - a +4 ring of evasion (right hand)
 E - an amulet of the acrobat (around neck)
 O - a ring of fire
 V - an amulet of regeneration
 X - a ring of ice
Wands
 e - a wand of mindburst (4)
 j - a wand of acid (7)
 J - a wand of iceblast (9)
 M - a wand of paralysis (3)
 S - a wand of flame (13)
Scrolls
 c - 10 scrolls of teleportation
 i - 5 scrolls of fear
 k - 3 scrolls of butterflies
 r - 4 scrolls of poison
 x - 3 scrolls of enchant armour
 y - 4 scrolls of brand weapon
 F - 3 scrolls of amnesia
 G - 2 scrolls of blinking
 L - a scroll of magic mapping
 Y - 6 scrolls of enchant weapon
Potions
 f - 7 potions of haste
 g - 3 potions of lignification
 l - 4 potions of flight
 m - 3 potions of invisibility
 n - 3 potions of cancellation
 p - 10 potions of curing
 q - a potion of magic
 s - a potion of brilliance
 v - 3 potions of resistance
 A - 5 potions of attraction
 C - 4 potions of ambrosia
 K - 5 potions of might
 Q - 5 potions of heal wounds
 T - 3 potions of berserk rage {unknown}
Miscellaneous
 B - a phial of floods


   Skills:
 - Level 11.2 Fighting
 - Level 19.5 Polearms
 - Level 2.0 Throwing
 - Level 16.0 Dodging
 - Level 6.0 Shields
 + Level 3.9 Transmutations
 - Level 14.0 Invocations


You had 11 spell levels left.
You knew the following spells:

 Your Spells              Type           Power      Damage    Failure   Level
a - Wereblood             Tmut           5%         N/A       50%         2

Your spell library contained the following spells:

 Spells                   Type           Power      Damage    Failure   Level
 Beastly Appendage        Tmut           10%        N/A       36%         1
 Foxfire                  Conj/Fire      0%         2x1d4     88%         1
 Freeze                   Ice            0%         1d3       88%         1
 Magic Dart               Conj           0%         1d3       88%         1
 Spider Form              Tmut/Pois      2%         N/A       95%         3
 Blink                    Tloc           0%         N/A       96%         2
 Call Imp                 Summ           0%         N/A       96%         2
 Conjure Flame            Conj/Fire      0%         6-21      99%         3
 Dazzling Flash           Conj/Hex       0%         N/A       99%         3
 Frozen Ramparts          Ice            0%         1d1       99%         3
 Inner Flame              Hex/Fire       0%         N/A       99%         3
 Mephitic Cloud           Conj/Pois/Air  0%         N/A       99%         3
 Portal Projectile        Hex/Tloc       0%         N/A       99%         3
 Tukima's Dance           Hex            0%         N/A       99%         3
 Anguish                  Hex/Necr       0%         N/A       100%        4
 Corpse Rot               Necr/Pois/Air  0%         N/A       100%        4
 Dispel Undead            Necr           0%         3d6       100%        4
 Flame Wave               Conj/Fire      0%         2d4       100%        4
 Hailstorm                Conj/Ice       0%         3d3       100%        4
 Ice Form                 Ice/Tmut       2%         N/A       100%        4
 Iskenderun's Mystic Bla  Conj/Tloc      0%         2d3       100%        4
 Agony                    Necr           0%         N/A       100%        5
 Blade Hands              Tmut           2%         N/A       100%        5
 Borgnjor's Vile Clutch   Necr/Erth      0%         N/A       100%        5
 Manifold Assault         Tloc           0%         N/A       100%        5
 Summon Forest            Summ/Tloc      0%         N/A       100%        5
 Summon Mana Viper        Hex/Summ       0%         N/A       100%        5
 Death Channel            Necr           0%         N/A       100%        6
 Simulacrum               Ice/Necr       0%         N/A       100%        6
 Starburst                Conj/Fire      0%         6d3       100%        6
 Summon Cactus Giant      Summ           0%         N/A       100%        6
 Storm Form               Tmut/Air       1%         N/A       100%        7


Dungeon Overview and Level Annotations

Branches:
Dungeon (12/15)            Temple (1/1) D:6            Lair (5/5) D:11
  Swamp (0/4) Lair:2        Snake (0/4) Lair:2        Slime (0/5) Lair:5
    Orc (2/2) D:12
    Elf: Orc:2

Altars:
Ashenzari
Cheibriados
Dithmenos
Elyvilon
Fedhas
Gozag
Hepliaklqana
Kikubaaqudgha
Makhleb
Nemelex Xobeh
Okawaru
Qazlal
Ru
Sif Muna
Trog
Uskayaw
Vehumet
Wu Jian
Xom
Yredelemnul
Zin
The Shining One
Jiyva
Lugonu

Shops:
D:6 *   D:10 !!*!   Orc:1 :

Portals:
Abyss: Lair:5


Innate Abilities, Weirdness & Mutations

((You are very nimble when in or above water. (Stealth+, EV+, Speed+++)))
Your lower body shifts to a powerful aquatic tail in water.


Message History

You puncture the orc knight!
The orc knight is heavily wounded.
The orc priest misses you.
The orc priest calls upon Beogh to heal the orc knight.
The orc knight is healed somewhat.
An orc priest comes into view. It is wielding a +0 hand axe.
You block the orc knight's attack. The orc warrior barely misses you.
An orc priest comes into view. It is wielding a +0 dagger.
You impale the orc knight!!
The orc knight is severely wounded.
Okay, then.
Unknown command.
Okay, then.
Unknown command.
Okay, then.
Unknown command.
A demon appears!
The orc priest closely misses you.
The orc priest looks encouraged for a moment.
The orc warrior completely misses you.
The orc warrior hits you but does no damage.
You are electrocuted!
You block the orc knight's attack.
The orc knight hits your hellwing but does no damage.
The orc warrior hits you from afar with a +0 trident!
An orc priest comes into view. It is wielding a +0 short sword.
The orc priest invokes the aid of Beogh against you.
Beogh smites you!
* * * LOW HITPOINT WARNING * * *
The orc priest invokes the aid of Beogh against you.
Beogh smites you!
* * * LOW HITPOINT WARNING * * *
The orc knight attacks as you move away!
The orc knight completely misses you.
The orc knight hits your hellwing with a +0 battleaxe.
The orc warrior completely misses you.
The orc priest calls down the wrath of Beogh upon you.
Beogh smites you!
* * * LOW HITPOINT WARNING * * *
The orc priest mumbles some strange prayers to Beogh against you.
Beogh smites you!
You die...

.## #...........###
....##...........#.##
..4o.#..............#
o#o#o#.............##
oo..o............#.##
....ooooo...........#
.oooooooo..........##
#))4..........#
#@o............#
#..$...........#
#.............##
#......$....###
#............#
###.........##
#......#...#
...#......## ##.#
...#.##


You could see an orc knight (ally target), an orc high priest, a rust devil
(summoned), 4 orc warriors, 4 orc priests, 4 orcs and a friendly hellwing
(summoned).

Vanquished Creatures
  Snorg (Orc:2)
  Fannar (D:11)
  5 hydras
  A catoblepas (Lair:4)
  2 two-headed ogres
  A centaur warrior (D:8)
  11 death yaks
  3 thrashing horrors (Lair:5)
  3 bog bodies (Lair:2)
  A lindwurm (Lair:4)
  3 ugly things
  An oklob plant (Lair:4)
  9 elephants
  An ice statue (Lair:2)
  A smoke demon (Lair:5)
  8 black mambas
  15 cane toads
  A gargoyle (D:11)
  An ice devil (Lair:2)
  4 komodo dragons
  4 ancient zymes (Lair:5)
  2 polar bears
  6 trolls
  Prince Ribbit (D:5)
  A hornet (D:8)
  Grinder (D:4)
  36 blink frogs
  3 spriggans
  5 small abominations (Lair:5)
  A wyvern (D:11)
  A ynoxinul (Lair:5)
  A shadow (D:11)
  48 yaks
  A vampire (D:12)
  6 basilisks
  Eustachio (D:4)
  A large abomination (Lair:5)
  A chaos spawn (Lair:5)
  A warg (Orc:2)
  4 vampire mosquitoes (D:9)
  4 nagas (Lair:2)
  An acid dragon (D:10)
  A swamp worm (Lair:2)
  Duvessa (D:7)
  5 water moccasins
  10 orc warriors
  5 black bears
  10 ice beasts
  7 ogres
  5 wolves
  3 phantoms
  2 kobold brigands
  The ghost of promet the Sneak, an amateur DEWn of Ashenzari (D:4)
  14 bullfrogs
  A necrophage (D:7)
  A scorpion (D:3)
  Dowan (D:7)
  11 killer bees (D:9)
  An electric eel (Lair:2)
  5 howler monkeys
  3 jellies
  13 orc priests
  Crazy Yiuf (D:4)
  6 hounds
  An iron imp (D:10)
  3 iguanas
  20 orc wizards
  6 hell rats (Lair:4)
  A human simulacrum (D:10)
  11 gnolls
  9 adders
  3 hound simulacra (D:4)
  3 white imps
  An ufetubus (D:5)
  2 dart slugs
  56 orcs
  5 bats
  2 endoplasms (D:1)
  6 giant cockroaches
  6 goblins
  4 hobgoblins
  10 jackals
  12 kobolds
  A quokka (D:1)
  12 ball pythons
  7 frilled lizards
  A quokka simulacrum (D:4)
  5 rats
497 creatures vanquished.

Vanquished Creatures (collateral kills)
  A large abomination (Lair:5)
  3 blink frogs (Lair:5)
  2 ynoxinuls (Lair:5)
  A yak (Lair:3)
  A chaos spawn (Lair:5)
  2 water moccasins
  A wolf (Lair:3)
  2 small abominations (Lair:5)
13 creatures vanquished.

Vanquished Creatures (others)
  A hell rat (Lair:4)
  An orc wizard (D:10)
  A human simulacrum (D:10)
  An orc (D:10)
  A bush (Lair:4)
  42 fungi
  46 plants
93 creatures vanquished.

Grand Total: 603 creatures vanquished

Notes
Turn   | Place    | Note
-------+----------+-------------------------------------------
     0 | D:1      | devnull the Merfolk Gladiator began the quest for the Orb.
     0 | D:1      | Reached XP level 1. HP: 16/16 MP: 1/1
    77 | D:1      | Reached XP level 2. HP: 17/22 MP: 2/2
   266 | D:1      | Reached skill level 5 in Polearms
   564 | D:1      | Reached XP level 3. HP: 27/27 MP: 3/3
   572 | D:1      | You fall into a shaft and drop 1 floor!
   653 | D:2      | Noticed a phantom
   789 | D:1      | Found a faded altar of an unknown god.
   876 | D:1      | Reached skill level 6 in Polearms
  1540 | D:2      | Reached XP level 4. HP: 33/33 MP: 4/4
  2165 | D:2      | Reached skill level 7 in Polearms
  2425 | D:2      | Found a hazy altar of Hepliaklqana.
  2643 | D:2      | Killed a phantom
  2644 | D:2      | Reached skill level 8 in Polearms
  2644 | D:2      | Reached XP level 5. HP: 22/38 MP: 5/5
  3200 | D:3      | Reached skill level 9 in Polearms
  3200 | D:3      | Reached XP level 6. HP: 20/44 MP: 6/6
  4033 | D:4      | Noticed Eustachio
  4382 | D:4      | Noticed Grinder
  4402 | D:4      | Paralysed by Grinder for 4 turns
  4414 | D:4      | Paralysed by Grinder for 2 turns
  4428 | D:4      | Killed Grinder
  4429 | D:4      | Reached skill level 10 in Polearms
  4429 | D:4      | Reached XP level 7. HP: 4/50 MP: 7/7
  4747 | D:4      | Killed Eustachio
  5017 | D:4      | Got the Compilation of Iron Left-Handed Deeds
  5066 | D:4      | Found a runed translucent door.
  5067 | D:4      | Noticed Crazy Yiuf
  5113 | D:4      | Found a runed translucent gate.
  5113 | D:4      | Found a runed translucent gate.
  5113 | D:4      | Found a runed translucent gate.
  5144 | D:4      | Noticed promet's ghost (amateur DEWn)
  5371 | D:4      | Found a shadowy altar of Dithmenos.
  5493 | D:5      | Entered Level 5 of the Dungeon
  5598 | D:5      | Reached XP level 8. HP: 57/57 MP: 8/8
  5602 | D:5      | Found an opulent altar of Gozag.
  5912 | D:5      | Reached skill level 5 in Fighting
  6048 | D:5      | Noticed Prince Ribbit
  6065 | D:5      | Killed Prince Ribbit
  6099 | D:5      | Found a stormy altar of Qazlal.
  6099 | D:5      | Found a shimmering blue altar of Sif Muna.
  6349 | D:4      | Killed Crazy Yiuf
  6622 | D:6      | Found a staircase to the Ecumenical Temple.
  6646 | D:6      | Reached XP level 9. HP: 74/74 MP: 9/9
  6648 | Temple   | Entered the Ecumenical Temple
  6819 | Temple   | Became a worshipper of Makhleb the Destroyer
  6913 | D:6      | Reached skill level 1 in Invocations
  7004 | D:6      | Found an ornate altar of the Wu Jian Council.
  7431 | D:6      | Found an iron altar of Okawaru.
  7503 | D:6      | Found Esue's Assorted Antiques.
  7508 | D:6      | Bought a scroll of identify for 48 gold pieces
  7903 | D:4      | Reached skill level 5 in Invocations
  7946 | D:4      | Killed promet's ghost
  8044 | D:7      | Noticed Dowan
  8137 | D:7      | Reached * piety under Makhleb
  8557 | D:7      | Identified the +1 robe of the Known World {Harm Dex+3}
  8621 | D:7      | Noticed Duvessa
  8653 | D:7      | Killed Duvessa
  8665 | D:7      | Killed Dowan
  9200 | D:7      | Found a broken altar of Ashenzari.
  9249 | D:8      | Noticed a hornet
  9262 | D:8      | Killed a hornet
  9263 | D:8      | Reached XP level 10. HP: 48/80 MP: 16/16
  9471 | D:8      | Found a basalt altar of Yredelemnul.
  9581 | D:8      | Noticed a centaur warrior
  9613 | D:8      | Killed a centaur warrior
  9614 | D:8      | Reached skill level 12 in Polearms
 10359 | D:9      | Found a radiant altar of Vehumet.
 10479 | D:9      | Reached skill level 13 in Polearms
 10584 | D:9      | Reached ** piety under Makhleb
 10693 | D:9      | Reached skill level 14 in Polearms
 10922 | D:9      | Reached skill level 10 in Dodging
 11013 | D:9      | Noticed a two-headed ogre
 11064 | D:9      | Killed a two-headed ogre
 11065 | D:9      | Reached XP level 11. HP: 71/86 MP: 17/17
 11988 | D:10     | Entered Level 10 of the Dungeon
 11988 | D:10     | Found Emikybok's Distillery.
 12105 | D:10     | Bought a potion of degeneration for 15 gold pieces
 12108 | D:10     | Bought a potion of heal wounds for 75 gold pieces
 12200 | D:10     | Reached *** piety under Makhleb
 12655 | D:10     | Reached skill level 10 in Fighting
 12691 | D:10     | Found Peechuu's Distillery.
 12699 | D:10     | Bought a potion of heal wounds for 70 gold pieces
 12836 | D:10     | Found Tufieh's Distillery.
 12841 | D:10     | Bought a potion of flight for 36 gold pieces
 12841 | D:10     | Bought a potion of cancellation for 96 gold pieces
 12878 | D:10     | Found a snail-covered altar of Cheibriados.
 12972 | D:10     | Found Lavij's General Store.
 12980 | D:10     | Bought a scroll of enchant weapon for 120 gold pieces
 13145 | D:11     | Found a staircase to the Lair.
 13189 | D:11     | Noticed Fannar
 14316 | D:11     | Killed Fannar
 14688 | D:12     | Noticed a green ugly thing
 14811 | D:12     | Reached skill level 1 in Shields
 14813 | D:12     | Identified the +5 trident of Sharkskin {protect, Will+}
 15163 | D:12     | Noticed a two-headed ogre
 15168 | D:12     | Killed a two-headed ogre
 15169 | D:12     | Reached XP level 12. HP: 84/100 MP: 18/18
 15329 | D:12     | Found an ancient bone altar of Kikubaaqudgha.
 15593 | D:12     | Found a staircase to the Orcish Mines.
 15854 | D:10     | Bought 2 potions of haste for 300 gold pieces
 15880 | Lair:1   | Entered Level 1 of the Lair of Beasts
 15964 | Lair:1   | Reached skill level 5 in Shields
 15970 | Lair:1   | Reached **** piety under Makhleb
 16344 | Lair:1   | You fall into a shaft and drop 1 floor!
 16669 | Lair:1   | Identified a scroll of acquirement
 16670 | Lair:1   | Acquired the +3 warlock's mirror {reflect}
 16670 | Lair:1   | Found the +3 warlock's mirror {reflect}
 16969 | Lair:2   | Reached skill level 10 in Invocations
 17053 | Lair:2   | Noticed a five-headed hydra
 17071 | Lair:1   | Killed a five-headed hydra
 17341 | Lair:2   | Found a staircase to the Snake Pit.
 17550 | Lair:2   | Noticed a six-headed hydra
 17587 | Lair:2   | Killed a six-headed hydra
 17899 | Lair:2   | Found a staircase to the Swamp.
 17913 | Lair:2   | Reached XP level 13. HP: 79/106 MP: 22/22
 19249 | Lair:3   | Identified the +9 falchion of the Eternal Void {vorpal,
                  | Int+2 SInv}
 19537 | Lair:3   | Reached ***** piety under Makhleb
 21025 | Lair:4   | Reached skill level 15 in Dodging
 21653 | Lair:4   | Reached XP level 14. HP: 113/113 MP: 24/24
 21663 | Lair:4   | Reached skill level 15 in Polearms
 21969 | Lair:4   | Reached skill level 16 in Polearms
 22359 | Lair:5   | Entered Level 5 of the Lair of Beasts
 22360 | Lair:5   | Found a staircase to the Slime Pits.
 22645 | Lair:5   | Reached skill level 17 in Polearms
 22725 | Lair:5   | Found a viscous altar of Jiyva.
 23200 | Lair:5   | Reached skill level 18 in Polearms
 23387 | Lair:5   | Reached skill level 19 in Polearms
 23744 | Lair:5   | Identified the +4 short sword of Doom {freeze, Int+2 Dex+4}
 23937 | Lair:5   | Found a corrupted altar of Lugonu.
 23937 | Lair:5   | Found a one-way gate to the infinite horrors of the Abyss.
 24182 | Orc:1    | Entered Level 1 of the Orcish Mines
 24182 | Orc:1    | Found Deitus Yliki's Book Emporium.
 24190 | Orc:1    | Learned a level 2 spell: Wereblood
 24230 | Orc:1    | Reached skill level 1 in Transmutations
 24335 | Orc:2    | Entered Level 2 of the Orcish Mines
 24366 | Orc:2    | Noticed Snorg
 24394 | Orc:2    | Killed Snorg
 24733 | Orc:2    | Reached ****** piety under Makhleb
 24746 | Orc:2    | Killed from afar by an orc priest

Illustrated notes

Levels and vault maps discovered:
D:1:      dpeg_arrival_stonehenge_12_columns, layout_basic,
          hellmonk_ecumenical_altar_pennies_from_heaven
D:2:      layout_basic, basic_altar
D:3:      layout_loops_ring
D:4:      layout_rooms, nicolae_dithmenos_through_a_glass_darkly,
          gammafunk_ghost_icy, kennysheep_cross_room, uniq_grinder,
          uniq_eustachio, uniq_crazy_yiuf_cottage
D:5:      layout_rooms, mainiacjoe_overflow_chevrons,
          mainiacjoe_overflow_divided_tiny, uniq_prince_ribbit1
D:6:      layout_loops_corners, nzn_wu_jian_council_hall,
          mainiacjoe_overflow_cross_hatched, minmay_temple_entry_waves,
          serial_shops, nicolae_shop_hallway_plus, grunt_ministairs_15,
          minmay_misc_feat_five, minmay_unpleasant_kobolds
D:7:      layout_loops_ring, overflow_temple_1_default, uniq_duvessa
D:8:      layout_loops_ring, kennysheep_mini, minmay_misc_feat_plants
D:9:      layout_irregular_city, amcnicky_altar_gilded
D:10:     layout_small_grid, slow_altar_1, serial_shops, shop, shop,
          nicolae_stop_n_shop_2, shop_fountains, bh_circular_ruins
D:11:     layout_irregular_city, lair_entry_dummy, uniq_fannar
D:12:     layout_basic, orc_0_dummy, nicolae_kikubaaqudgha_miasma_corner
Temple:   nicolae_temple_bog_church
Lair:1:   layout_loops_ring
Lair:2:   layout_loops_ring, nicolae_swamp_entry_splash_gauntlet,
          minmay_snake_entry_guardpost_small, ice2_lemuel, lemuel_fruit_tree,
          infiniplex_staircase_pool
Lair:3:   layout_small_grid, beast_lair_carwin_9, serial_bayou_shore_a,
          grunt_megastairs_3
Lair:4:   layout_small_grid, grunt_forest_stairs_clearing, grunt_megastairs_2
Lair:5:   hellmonk_lair_end_abyssal_woods, layout_misc_corridors, slime_entry_1,
          grunt_forest_stairs_basic
Orc:1:    layout_caves, serial_shops, shop
Orc:2:    st_orc_pillars, layout_diamond_mine, uniq_snorg

Skill      XL: |  1  2  3  4  5  6  7  8  9 10 11 12 13 14 |
---------------+-------------------------------------------+-----
Polearms       | 5 6 8 9 10 14 19 | 19.5
Dodging        | 8 11 13 16 | 16.0
Fighting       | 7 8 11 | 11.2
Invocations    | 8 12 14 | 14.0
Shields        | 3 6 |  6.0
Transmutations | 3 |  3.9
Throwing       | |  2.0

Action                   |  1- 3 |  4- 6 |  7- 9 | 10-12 | 13-15 || total
-------------------------+-------+-------+-------+-------+-------++-------
Melee: Trident           |   119 |   180 |   132 |   324 |  1170 ||  1925
       Punch             |       |     4 |     3 |    18 |       ||    25
       Spear             |       |       |   421 |  1062 |       ||  1483
       Tailslap          |       |       |       |     5 |     5 ||    10
Throw: Throwing net      |     1 |       |     2 |       |       ||     3
       Javelin           |       |     1 |       |       |       ||     1
       Dart              |       |     4 |    36 |    14 |     3 ||    57
Invok: Major Destruction |       |       |       |       |     7 ||     7
       Lesser Servant of |       |       |       |       |     4 ||     4
       Minor Destruction |       |       |       |       |     4 ||     4
Evoke: Wand              |       |       |       |     7 |       ||     7
  Use: Scroll            |     3 |     2 |     6 |    12 |     2 ||    25
       Potion            |       |     1 |       |       |       ||     1
 Stab: Sleeping          |     1 |     3 |     3 |       |       ||     7
       Petrified         |       |       |       |       |     9 ||     9
       Distracted        |       |       |       |       |     5 ||     5
       Petrifying        |       |       |       |       |     2 ||     2
Armor: Leather armour    |    45 |    62 |    94 |       |       ||   201
       Scale mail        |       |       |    21 |   191 |   190 ||   402
Dodge: Dodged            |    92 |   115 |   320 |   633 |   587 ||  1747
Block: Buckler           |       |       |       |    62 |   332 ||   394
       Reflection        |       |       |       |     2 |    11 ||    13
